 Dungeon Sprint DCSS version 0.24.0-123-gd5b16e6ec5 (webtiles) character file.

Game seed: 5491280338008324592, levelgen mode: deterministic

345 McKennaii the Destroyer (level 6, -11/45 HPs)
             Began as a Draconian Conjurer on Jan 26, 2020.
             Killed by nerve-wracking pain
             ... invoked by Menkaure
              (12 damage)
             ... in the Dungeon (Sprint II: "The Violet Keep of Menkaure").
             The game lasted 00:00:42 (58 turns).

McKennaii the Destroyer (Draconian Conjurer)          Turns: 58, Time: 00:00:43

Health: -11/45     AC:  6    Str: 10    XL:     6   Next: 32%
Magic:  8/15       EV: 13    Int: 17    God:
Gold:   0          SH:  0    Dex: 12    Spells: 16/17 levels left

rFire    . . .     SeeInvis .   (no weapon)
rCold    . . .     Gourm    .   (no shield)
rNeg     . . .     Faith    .   (armour unavailable)
rPois    .         Spirit   .   (helmet restricted)
rElec    .         Reflect  .   (no cloak)
rCorr    .         Harm     .   (no gloves)
MR       .....     NoTele   +   (no boots)
Stlth    ++........             (no amulet)
HPRegen  0.15/turn              (no ring)
MPRegen  0.14/turn              (no ring)

@: berserk cooldown
A: unfitting armour, cold-blooded, AC +6
a: no special abilities


You were in the Dungeon.
You were not hungry.

You visited 1 branch

Inventory:

Scrolls
 h - a scroll of blinking
Potions
 e - a potion of haste
 f - a potion of magic
Comestibles
 b - a ration


   Skills:
 + Level 3.8 Dodging
 + Level 3.6 Stealth
 * Level 6.0 Spellcasting
 + Level 11.4 Conjurations


You had 16 spell levels left.
You knew the following spells:

 Your Spells              Type           Power        Failure   Level  Hunger
a - Magic Dart            Conj           ####         1%          1    None

Your spell library contained the following spells:

 Spells                   Type           Power        Failure   Level  Hunger
 Searing Ray              Conj           #####.       1%          2    None
 Iskenderun's Mystic Bla  Conj           #####...     1%          4    ####...
 Dazzling Spray           Conj/Hex       ###...       3%          3    ##.....
 Force Lance              Conj/Tloc      ###.....     12%         4    ####...
 Fulminant Prism          Conj/Hex       ###.......   12%         4    ####...


Dungeon Overview and Level Annotations

Branches:
Dungeon (1/1)

Altars:

Annotations:
D Menkaure


Innate Abilities, Weirdness & Mutations

Your plain brown scales are hard. (AC +6)
You cannot fit into any form of body armour.
You are cold-blooded and may be slowed by cold attacks.


Message History

Menkaure is almost destroyed.
Menkaure hits you but does no damage.
Casting: Magic Dart (safe; 1% risk of failure)
Confirm with . or Enter, or press ? or * to list all spells.
Aiming: Magic Dart (safe; 1% risk of failure)
Press: ? - help, Shift-Dir - straight line, f/p - Menkaure
Aim: Menkaure (almost destroyed, fast)
The magic dart hits Menkaure but does no damage.
Menkaure is almost destroyed.
Menkaure hits you but does no damage.
Casting: Magic Dart (safe; 1% risk of failure)
Confirm with . or Enter, or press ? or * to list all spells.
Aiming: Magic Dart (safe; 1% risk of failure)
Press: ? - help, Shift-Dir - straight line, f/p - Menkaure
Aim: Menkaure (almost destroyed, fast)
The magic dart hits Menkaure.
Menkaure is almost destroyed.
Menkaure gestures at you while chanting.
Pain shoots through your body!
You die...

## ##. ww##
.$# # # #+#
.##
#.a###.##...#
#$+.<@M$#
#.a###.##...#
# #+# .##


H#H # .# #. ## ## You could see Menkaure.

Vanquished Creatures
  4 necrophages (D)
4 creatures vanquished.

Notes
Turn   | Place    | Note
-------+----------+-------------------------------------------
     0 | D        | McKennaii the Draconian Conjurer began the quest for the
                  | Orb.
     0 | D        | Reached XP level 1. HP: 14/14 MP: 3/3
     1 | D        | Noticed a worker ant
     1 | D        | Noticed a worker ant
     9 | D        | Noticed a hippogriff
     9 | D        | Noticed a hippogriff
    13 | D        | Noticed a necrophage
    13 | D        | Noticed a necrophage
    13 | D        | Noticed a necrophage
    13 | D        | Noticed a necrophage
    22 | D        | Killed a necrophage
    22 | D        | Reached skill level 8 in Conjurations
    22 | D        | Reached XP level 2. HP: 20/20 MP: 4/7
    22 | D        | Reached XP level 3. HP: 26/26 MP: 4/8
    22 | D        | Reached XP level 4. HP: 33/33 MP: 5/10
    26 | D        | Killed a necrophage
    26 | D        | Reached skill level 9 in Conjurations
    26 | D        | Reached XP level 5. HP: 38/38 MP: 6/12
    33 | D        | Killed a necrophage
    33 | D        | Reached skill level 5 in Spellcasting
    33 | D        | Reached skill level 10 in Conjurations
    33 | D        | Noticed Menkaure
    48 | D        | Killed a necrophage
    48 | D        | Reached skill level 11 in Conjurations
    48 | D        | Reached XP level 6. HP: 9/44 MP: 0/15
    55 | D        | HP: 1/45 [Menkaure/nerve-wracking pain (10)]
    58 | D        | Killed from afar by Menkaure

Levels and vault maps discovered:
D:        the_violet_keep_of_menkaure [sprint2_stairs_cluster_1,
          sprint2_shoproom, sprint2_temple, sprint2_basic_supplies,
          sprint2_obstacle_6, sprint2_obstacle_1, sprint2_obstacle_2,
          sprint2_obstacle_4, sprint2_obstacle_5, sprint2_timed_cluster_1,
          sprint2_smallroom_cluster_1, sprint2_smallroom_final_cluster_1,
          sprint2_transparent_cluster_1, sprint2_second_timed_cluster_1,
          sprint2_sniper_area_1, sprint2_heavy_combat_area_1,
          sprint2_mutation_trap_area_1, sprint2_forest_area_1,
          sprint2_light_combat_area_1, sprint2_behind_water_1,
          sprint2_near_end_vault_1]

Skill      XL: |  1  2  3  4  5 |
---------------+----------------+-----
Dodging        | 2 3 |  3.8
Stealth        | 2 3 |  3.6
Spellcasting   | 4 6 |  6.0
Conjurations   | 8 9 11 | 11.4

Action                   |  1- 3 |  4- 6 || total
-------------------------+-------+-------++-------
Melee: Unarmed           |     8 |    15 ||    23
       Tailslap          |     1 |     4 ||     5
 Cast: Magic Dart        |       |    18 ||    18
  Use: Potion            |     1 |     3 ||     4
Armor: Skin              |       |     9 ||     9
Dodge: Dodged            |     5 |    15 ||    20
